 Seeded DCSS version 0.30-a0-263-ge22c4ad894 (webtiles) character file.

Game seed: 20221013 (custom seed)

70 Darkkill the Shooter (level 4, -8/34 HPs)
             Began as a Human Hunter on Oct 13, 2022.
             Killed by divine providence
             ... invoked by an orc priest
              (11 damage)
             ... on level 3 of the Dungeon.
             The game lasted 00:01:33 (1766 turns).

Darkkill the Shooter (Human Hunter)                 Turns: 1766, Time: 00:01:34

Health: -8/34      AC:  4    Str: 14    XL:     4   Next: 45%
Magic:  4/4        EV: 12    Int:  9    God:
Gold:   155        SH:  0    Dex: 16    Spells: 3/3 levels left

rFire   . . .      SeeInvis .    a - +0 shortbow
rCold   . . .      Faith    .    (shield currently unavailable)
rNeg    . . .      Spirit   .    c - +0 leather armour
rPois   .          Reflect  .    o - +0 helmet
rElec   .          Harm     .    (no cloak)
rCorr   .          Rampage  .    (no gloves)
Will    +....                    (no boots)
Stlth   ++........               (no amulet)
HPRegen 0.25/turn                w - ring of willpower
MPRegen 0.09/turn                (no ring)

@: about to teleport, studying Long Blades
A: no striking features
a: no special abilities


You were on level 3 of the Dungeon.
You visited 1 branch of the dungeon, and saw 3 of its levels.

You collected 155 gold pieces.

Inventory:

Hand Weapons
 a - a +0 shortbow (weapon)
Missiles
 i - 13 stones
 s - 6 poisoned darts
 u - 4 datura-tipped darts
Armour
 c - a +0 leather armour (worn)
 o - a +0 helmet (worn)
Jewellery
 d - a ring of wizardry
 h - a ring of poison resistance
 w - a ring of willpower (left hand)
Scrolls
 b - a scroll of immolation
 e - a scroll of amnesia {unknown}
 g - a scroll of teleportation
 l - a scroll of summoning {unknown}
 m - a scroll of fear {unknown}
 n - a scroll of torment {unknown}
 p - 2 scrolls of poison
 r - a scroll of magic mapping {unknown}
Potions
 f - 2 potions of ambrosia
 j - a potion of berserk rage {unknown}
 q - a potion of cancellation {unknown}
 t - a potion of attraction {unknown}
 v - a potion of flight {unknown}


   Skills:
 + Level 2.7 Fighting
 + Level 4.4 Ranged Weapons
 + Level 2.7 Dodging
 + Level 2.2 Stealth


You had 3 spell levels left.
You didn't know any spells.
Your spell library contained the following spells:

 Spells                   Type           Power      Damage    Failure   Level
 Slow                     Hex            0%         N/A       45%         1
 Confusing Touch          Hex            0%         N/A       83%         3
 Gell's Gravitas          Tloc           0%         N/A       83%         3
 Lesser Beckoning         Tloc           0%         N/A       83%         3
 Teleport Other           Tloc           0%         N/A       83%         3
 Vampiric Draining        Necr           0%         2d6       83%         3


Dungeon Overview and Level Annotations

Branches:
Dungeon (3/15)

Altars:


Message History

You climb downwards.
The orc priest shouts!
The orc shouts! x2
Found four items.
There is a stone staircase leading up here.
There are monsters nearby!
You shoot an arrow. The orc shouts!
The arrow hits the orc.
The orc is heavily wounded.
The orc priest calls upon Beogh to heal the orc.
The orc's wounds heal themselves!
The orc hits you from afar with a +0 trident.
You shoot an arrow. The arrow closely misses the orc.
The arrow hits the orc priest!
The orc priest is severely wounded.
The orc closely misses you.
There are monsters nearby!
You shoot an arrow. The arrow completely misses the orc.
The arrow hits the orc priest but does no damage.
The orc priest is severely wounded.
The orc priest mumbles some strange prayers to Beogh against you.
Beogh smites you! The orc closely misses you.
You are too injured to fight recklessly!
You are too injured to fight recklessly!
You are too injured to fight recklessly!
As you read the scroll of teleportation, it crumbles to dust.
You feel strangely unstable.
The orc priest begins to cast a cantrip, but forgets the words!
An endoplasm comes into view.
The orc closely misses you. The orc attacks as you move away!
The orc hits you with a +0 club. The orc hits you with a +0 dagger.
The orc priest calls upon Beogh to heal the orc priest.
The orc priest is healed somewhat.
The orc priest casts a cantrip, but nothing happens.
Your surroundings suddenly seem different.
You start resting.
HP restored.
i - 13 stones (gained 1)
You now have 105 gold pieces (gained 17).
You now have 118 gold pieces (gained 13).
You now have 140 gold pieces (gained 22).
You now have 155 gold pieces (gained 15).
d - a ring of wizardry No target in view!
Found a helmet.
No target in view!
No target in view!
A ball python comes into view.
The ball python hisses angrily.
You shoot an arrow. The arrow hits the ball python.
You kill the ball python!
An orc priest is nearby!
An orc priest is nearby!
You shoot an arrow. The orc priest shouts!
The arrow hits the orc priest!
The orc priest is heavily wounded.
You shoot an arrow. The arrow barely misses the orc priest.
The orc priest invokes the aid of Beogh against you.
Beogh smites you!
The orc shouts!
You hear a shout!
There are monsters nearby!
You shoot an arrow. The arrow hits the orc priest!
The orc priest is almost dead.
You shoot an arrow. The arrow barely misses the orc.
The orc shouts!
You hear a shout!
The orc priest looks braver for a moment.
You hear a shout!
You shoot an arrow. The arrow hits the orc.
The orc is almost dead.
The orc priest miscasts a cantrip.
You shoot an arrow. The arrow barely misses the orc.
The arrow closely misses the orc.
The arrow hits the orc.
The orc is moderately wounded.
You shoot an arrow. The arrow barely misses the orc.
The arrow hits the orc.
The orc is heavily wounded.
You shoot an arrow.
The arrow hits the orc but does no damage.
The orc is almost dead.
The orc hits you with a +0 club. The orc closely misses you.
You shoot an arrow. The arrow hits the orc!
You kill the orc!
The orc priest invokes the aid of Beogh against you.
Beogh smites you!
* * * LOW HITPOINT WARNING * * *
You are too injured to fight recklessly!
You are too injured to fight recklessly!
You are too injured to fight recklessly!
You are too injured to fight recklessly!
As you read the scroll of teleportation, it crumbles to dust.
You feel strangely unstable. The orc hits you with a +0 dagger.
* * * LOW HITPOINT WARNING * * *
The orc priest begins to cast a cantrip, but forgets the words!
The orc priest invokes the aid of Beogh against you.
Beogh smites you!
* * * LOW HITPOINT WARNING * * *
The orc priest calls down the wrath of Beogh upon you.
Beogh smites you!
You die...

# ###
#.#.###.##.........
#.#.# #....######.#
#.#.# #.#### #.#
#.##...## #..
#..############ ###
##.# #.......# ### #
#.# #.......# #..
.$..#####.####.......#
#.#
...ooo)o.@...........#
# #
....#####.####.......#
#.# . ..####.......#
#.# .#............#
#.. #.#.#####.######
### # #.#####.###### #
#.##.........# #
..##.##.####.# # # #.#
#.#####


You could see 2 orc priests and 2 orcs.

Vanquished Creatures
  A gnoll (D:1)
  3 dart slugs
  An orc (D:3)
  5 endoplasms
  2 giant cockroaches (D:2)
  7 goblins
  7 hobgoblins
  3 kobolds (D:1)
  3 quokkas
  6 ball pythons
  5 bats (D:1)
  2 frilled lizards (D:1)
  4 rats
49 creatures vanquished.

Notes
Turn   | Place    | Note
-------+----------+-------------------------------------------
     0 | D:1      | Darkkill the Human Hunter began the quest for the Orb.
     0 | D:1      | Reached XP level 1. HP: 16/16 MP: 1/1
    74 | D:1      | Reached XP level 2. HP: 22/22 MP: 2/2
    84 | D:1      | Found a faded altar of an unknown god.
   200 | D:1      | Reached XP level 3. HP: 28/28 MP: 3/3
   971 | D:2      | Reached XP level 4. HP: 29/34 MP: 4/4
  1555 | D:2      | Identified a scroll of acquirement
  1559 | D:2      | Acquired a manual of Long Blades
  1765 | D:3      | HP: 3/34 [orc priest/divine providence (7)]
  1766 | D:3      | Killed from afar by an orc priest

Illustrated notes

Levels and vault maps discovered:
D:1:      heliophobic_arrival_henge, layout_basic,
          shapermc_ecumenical_altar_notcrosses, minivault_26,
          minmay_tree_intersection, minmay_split_cup_large
D:2:      layout_loops_cross
D:3:      layout_loops_cross

Skill      XL: |  1  2  3 |
---------------+----------+-----
Stealth        | 2 |  2.2
Fighting       | |  2.7
Ranged Weapons | |  4.4
Dodging        | |  2.7

Action                   |  1- 3 |  4- 6 || total
-------------------------+-------+-------++-------
 Fire: Shortbow          |    82 |    55 ||   137
  Use: Scroll            |       |     7 ||     7
Armor: Leather armour    |    12 |       ||    12
Dodge: Dodged            |    30 |    12 ||    42

Table legend: (Time is in decaauts)
 A = Elapsed time spent in this place.
 B = Non-inter-level travel time spent in this place.
 C = Inter-level travel time spent in this place.
 D = Time resting spent in this place.
 E = Time spent auto-exploring this place.
 F = Levels seen in this place.
 G = Mean time per level.
                   A        B        C        D        E       F      G
               +--------+--------+--------+--------+--------+-----+--------+
         Total |   1810 |   1781 |     29 |     76 |   1419 |   3 |  603.3 |
       Dungeon |   1810 |   1781 |     29 |     76 |   1419 |   3 |  603.3 |
               +--------+--------+--------+--------+--------+-----+--------+

Top non-repeatable levels by time:
     D:1: 962 daAuts
     D:2: 662 daAuts
     D:3: 186 daAuts

Table legend:
 A = Kills in this place as a percentage of kills in entire the game.
 B = Kills by you in this place as a percentage of kills by you in the entire game.
 C = Kills by friends in this place as a percentage of kills by friends in the entire game.
 D = Other kills in this place as a percentage of other kills in the entire game.
 E = Experience gained in this place as a percentage of experience gained in the entire game.
 F = Experience gained in this place divided by the number of levels of this place that you have seen.
                   A       B       C       D       E      F
               +-------+-------+-------+-------+-------+----------------------
         Total | 100.0 | 100.0 |   N/A |   N/A | 100.0 |  33.7
       Dungeon | 100.0 | 100.0 |   N/A |   N/A | 100.0 |  33.7
               +-------+-------+-------+-------+-------+----------------------
